 Dungeon Crawl Stone Soup version 0.22-a0-362-g535178c (console) character file.

11656 toffzen the Grappler (level 11, -6/107 HPs)
             Began as a Troll Transmuter on Apr 18, 2018.
             Was an Elder of Makhleb.
             Mangled by a six-headed hydra (11 damage)
             ... on level 2 of the Lair of Beasts on Apr 19, 2018.
             The game lasted 01:00:54 (12383 turns).

toffzen the Grappler (Troll Transmuter)            Turns: 12383, Time: 01:00:59

Health: -6/107     AC:  7    Str: 35    XL:     11   Next: 52%
Magic:  15/15      EV: 12    Int: 13    God:    Makhleb [****..]
Gold:   678        SH:  0    Dex: 11    Spells: 9/12 levels left

rFire    . . .     SeeInvis .     - Unarmed
rCold    . . .     Gourm    +   (no shield)
rNeg     . . .     Faith    .   J - +0 troll leather armour
rPois    +         Spirit   .   (helmet restricted)
rElec    .         Reflect  .   (no cloak)
rCorr    .         Harm     .   (gloves unavailable)
MR       .....                  (boots unavailable)
Stlth    +.........             (no amulet)
HPRegen  1.07/turn              i - ring of Tyoluydd {rPois Str+6 Int+4}
MPRegen  0.14/turn              r - +2 ring of strength

@: mighty
A: large, unfitting armour, claws 3, fast metabolism 3, gourmand, regeneration
1, shaggy fur 1, tough skin 2
a: Minor Destruction, Lesser Servant of Makhleb, Major Destruction, Renounce
Religion


You were on level 2 of the Lair of Beasts.
You worshipped Makhleb.
Makhleb was greatly pleased with you.
You were completely stuffed.

You visited 2 branches of the dungeon, and saw 15 of its levels.
You also visited: Sewer.

You collected 678 gold pieces.

Inventory:

Hand Weapons
 m - a +1 hunting sling
Missiles
 a - 183 arrows
 c - 429 stones (quivered)
 E - 4 throwing nets
Armour
 B - a +2 robe of magic resistance
 J - a +0 troll leather armour (worn)
Jewellery
 e - an uncursed ring of protection from magic
 i - the ring of Tyoluydd (left claw) {rPois Str+6 Int+4}
   (You found it on level 9 of the Dungeon)

   [ring of intelligence]

   It affects your strength (+6).
   It affects your intelligence (+4).
   It protects you from poison.
 o - an uncursed ring of protection from cold
 r - a +2 ring of strength (right claw)
 x - an uncursed ring of stealth
Wands
 b - a wand of polymorph (9)
 y - a wand of iceblast (14)
 z - a wand of paralysis (15)
 I - a wand of clouds (6)
 K - a wand of digging (14)
Scrolls
 f - 6 scrolls of teleportation
 k - 4 scrolls of enchant armour
 l - 4 scrolls of remove curse
 t - 4 scrolls of immolation
 u - a scroll of fog {unknown}
 A - 4 scrolls of fear
 F - a scroll of enchant weapon
 G - 3 scrolls of magic mapping
 H - a scroll of holy word {unknown}
 M - a scroll of silence {unknown}
Potions
 g - 2 potions of ambrosia
 h - 4 potions of degeneration
 j - a potion of agility
 n - a potion of lignification {unknown}
 p - a potion of mutation {unknown}
 q - 3 potions of curing
 w - 4 potions of flight
 C - a potion of invisibility {unknown}
 D - a potion of berserk rage {unknown}
 L - a potion of magic {unknown}
Comestibles
 d - 29 rations
 s - 5 chunks of flesh


   Skills:
 - Level 6.8 Fighting
 * Level 1.8 Armour
 - Level 7.0 Dodging
 + Level 11.9 Unarmed Combat
 - Level 1.2 Spellcasting
 - Level 2.1 Transmutations
 - Level 7.1 Invocations


You had 9 spell levels left.
You knew the following spells:

 Your Spells              Type           Power        Failure   Level  Hunger
a - Beastly Appendage     Tmut           #.....       13%         1    ##.....
b - Sticks to Snakes      Tmut           #.......     19%         2    ###....


Dungeon Overview and Level Annotations

Branches:
Dungeon (13/15)            Temple (0/1) D:4            Lair (2/6) D:10
    Orc (0/2) D:11
  Swamp: Lair:2-4    Shoals: Lair:2-4     Snake: Lair:2-4    Spider: Lair:2-4
 Vaults: D:13-14

Altars:
Ashenzari
Dithmenos
Elyvilon
Makhleb
Uskayaw
Xom
Yredelemnul
Zin

Shops:
D:10 *

Annotations:
D:4 Sigmund


Innate Abilities, Weirdness & Mutations

You are too large for most types of armour.
You have claws for hands.
Your metabolism is lightning-fast.
You like to eat raw meat.
Your natural rate of healing is unusually fast.
You are covered in fur. (AC +1)
You have very tough skin. (AC +2)


Message History

As you read the scroll of fear, it crumbles to dust.
You assume a fearsome visage.
Your ynoxinul is unaffected.
The six-headed hydra looks frightened!
Your ufetubus is unaffected. x4
Your ufetubus barely misses the polar bear.
Your ufetubus hits the polar bear but does no damage. x2
Your ufetubus hits the polar bear. x3; The polar bear bites your ufetubus!
Your ufetubus dies!
Your ynoxinul hits the polar bear.
The polar bear dies!
Makhleb accepts your kill.
Your ufetubus hits the six-headed hydra. x2
The six-headed hydra bites your ynoxinul!
Your ynoxinul dies!
Your ufetubus disappears in a puff of smoke! x3
The six-headed hydra bites you.
* * * LOW HITPOINT WARNING * * *
The six-headed hydra misses you. The six-headed hydra bites you!
You die...

....# #...#
##....
.......P##P...#
#.......##P...#
#.......###.§§#
#.>..... #..§.#
#....... ##..D#
#......###...@#
##...)...###...##
...(.....P......#
...............##
...####...PP.#..#
. #...........##
...........#.#
..P.........#.#
..#...........##


You could see a six-headed hydra (fleeing).

Vanquished Creatures
  Harold (D:10)
  Erica (D:8)
  2 two-headed ogres
  A centaur zombie (D:12)
  A kobold demonologist (D:11)
  2 komodo dragons (Lair:1)
  A troll (D:11)
  3 hippogriffs
  A spriggan (D:8)
  A wyvern (D:12)
  11 yaks
  The ghost of Kikal the Chiller, an amateur FeIE (D:5)
  A hungry ghost (D:11)
  4 water moccasins
  3 porcupines
  2 sky beasts
  3 black bears
  A phantom (D:8)
  A necrophage (D:10)
  5 orc warriors
  2 ice beasts
  6 ogres
  2 centaurs (D:7)
  2 big kobolds
  7 bullfrogs
  2 scorpions
  9 killer bees
  3 howler monkeys
  4 wights (D:7)
  5 crimson imps
  2 bullfrog zombies
  A quasit (D:8)
  2 hounds
  A bullfrog skeleton (D:5)
  3 orc priests
  A gnoll shaman (D:7)
  9 orc wizards
  An iguana (D:4)
  Terence (D:2)
  5 worker ants
  2 hound skeletons
  Robin (D:2)
  11 gnolls
  9 adders
  A river rat (D:3)
  A shadow imp (D:7)
  An ooze (D:4)
  2 adder zombies (D:8)
  3 worms
  A dart slug (D:2)
  6 leopard geckos
  26 orcs
  4 ball pythons
  8 giant cockroaches
  22 goblins
  8 hobgoblins
  10 jackals
  6 quokkas
  6 bats
  6 frilled lizards
  2 jackal skeletons
  17 kobolds
  2 leopard gecko zombies (D:5)
  11 rats
280 creatures vanquished.

Vanquished Creatures (collateral kills)
  A polar bear (Lair:2)
1 creature vanquished.

Vanquished Creatures (others)
  5 toadstools (D:1)
5 creatures vanquished.

Grand Total: 286 creatures vanquished

Notes
Turn   | Place    | Note
-------+----------+-------------------------------------------
     0 | D:1      | toffzen the Troll Transmuter began the quest for the Orb.
     0 | D:1      | Reached XP level 1. HP: 18/18 MP: 1/1
   244 | D:1      | Reached skill level 1 in Fighting
   277 | D:1      | Reached XP level 2. HP: 27/27 MP: 2/2
   753 | D:1      | Reached XP level 3. HP: 25/33 MP: 3/3
  1104 | D:2      | Noticed Robin
  1108 | D:2      | Killed Robin
  1108 | D:2      | Reached XP level 4. HP: 39/41 MP: 4/4
  1282 | D:2      | Reached skill level 4 in Unarmed Combat
  1389 | D:2      | Noticed Terence
  1392 | D:2      | Killed Terence
  1482 | D:2      | Learned a level 2 spell: Sticks to Snakes
  1582 | D:2      | Found a burning altar of Makhleb.
  1591 | D:2      | Became a worshipper of Makhleb the Destroyer
  1800 | D:3      | Reached XP level 5. HP: 47/49 MP: 5/5
  1886 | D:3      | Found a shadowy altar of Dithmenos.
  2311 | D:3      | Reached skill level 1 in Invocations
  2416 | D:3      | Found a glowing drain.
  2420 | Sewer    | Entered a sewer
  2425 | Sewer    | Reached * piety under Makhleb
  2872 | D:4      | Noticed an angel
  2873 | D:4      | Found a glowing silver altar of Zin.
  2873 | D:4      | Noticed an ogre
  3017 | D:4      | Reached XP level 6. HP: 49/57 MP: 6/6
  3049 | D:4      | Found a basalt altar of Yredelemnul.
  3124 | D:4      | You fall through a shaft!
  3124 | D:5      | Entered Level 5 of the Dungeon
  3143 | D:5      | Noticed Kikal's ghost (amateur FeIE)
  3151 | D:5      | Killed Kikal's ghost
  3151 | D:5      | Reached skill level 5 in Unarmed Combat
  3224 | D:5      | Noticed a sky beast
  3244 | D:5      | Killed a sky beast
  3244 | D:5      | Reached XP level 7. HP: 49/66 MP: 7/7
  3433 | D:4      | Found a staircase to the Ecumenical Temple.
  3463 | D:4      | Reached skill level 6 in Unarmed Combat
  3800 | D:4      | Found a shimmering altar of Xom.
  3819 | D:4      | Noticed Sigmund
  4372 | D:5      | Reached XP level 8. HP: 75/75 MP: 9/9
  4374 | D:5      | Found a hide-covered altar of Uskayaw.
  4381 | D:5      | Found a shattered altar of Ashenzari.
  4831 | D:6      | Reached ** piety under Makhleb
  5683 | D:7      | Noticed a hippogriff
  5821 | D:7      | Reached skill level 7 in Unarmed Combat
  6552 | D:7      | Reached skill level 8 in Unarmed Combat
  6552 | D:7      | Reached XP level 9. HP: 84/84 MP: 11/11
  6749 | D:8      | Noticed a two-headed ogre
  6757 | D:8      | Killed a two-headed ogre
  6757 | D:8      | Reached skill level 5 in Dodging
  6757 | D:8      | Reached skill level 9 in Unarmed Combat
  6871 | D:8      | Reached skill level 5 in Fighting
  6871 | D:8      | Reached skill level 5 in Invocations
  7199 | D:8      | Noticed Erica
  7219 | D:8      | Killed Erica
  7219 | D:8      | Reached XP level 10. HP: 42/96 MP: 11/13
  7318 | D:8      | Reached *** piety under Makhleb
  7965 | D:9      | Got a scorched iron ring
  7967 | D:9      | Identified the ring of Tyoluydd {rPois Str+6 Int+4} (You found it on level 9 of the Dungeon)
  8097 | D:9      | Reached skill level 10 in Unarmed Combat
  8434 | D:9      | Found a white marble altar of Elyvilon.
  8875 | D:9      | Noticed a two-headed ogre
  8882 | D:9      | Killed a two-headed ogre
  9005 | D:10     | Entered Level 10 of the Dungeon
  9319 | D:10     | Noticed Harold
  9335 | D:10     | Killed Harold
  9450 | D:10     | Reached skill level 11 in Unarmed Combat
  9670 | D:10     | Found Ykeozaut's General Store.
  9919 | D:10     | You fall through a shaft for 3 floors!
  9919 | D:13     | Noticed a deep elf mage
  9921 | D:13     | Noticed a two-headed ogre
 10112 | D:12     | Reached XP level 11. HP: 88/105 MP: 14/14
 10328 | D:12     | Reached **** piety under Makhleb
 10559 | D:10     | Found a staircase to the Lair.
 10933 | D:11     | Found a staircase to the Orcish Mines.
 11446 | D:11     | Noticed a soul eater
 11583 | Lair:1   | Entered Level 1 of the Lair of Beasts
 11589 | Lair:1   | Upgraded the game from 0.22-a0-358-g7563fe7 to 0.22-a0-362-g535178c
 12229 | Lair:2   | Reached skill level 1 in Armour
 12373 | Lair:2   | Noticed a six-headed hydra
 12383 | Lair:2   | HP: 5/107 [six-headed hydra (4)]
 12383 | Lair:2   | Mangled by a six-headed hydra

Vault maps used:
D:1:      ldierk_walled_garden
D:2:      marbit_many_paths, kennysheep_path_1, uniq_terence, uniq_robin
D:3:      lemuel_crystal_altar, first_ration, gup_sewer_entry_spiral
D:4:      grunt_temple_overflow_order_and_chaos_1,
          nicolae_overflow_hidden_temple, minmay_temple_entry_glass,
          uniq_sigmund
D:5:      amethyst_overflow_temple_binary
D:6:      hangedman_abyss_or_decor_jellyfish_corner
D:8:      the_bakery, uniq_erica
D:9:      elyvilon_altar_5
D:10:     grunt_lair_entry_orc_guard_hut, serial_shops, shop, uniq_harold
D:11:     erik_orc_2, kennysheep_generic_room_2
D:12:     einodemon_armed_red_devil_minivault
D:13:     serial_shops, nicolae_shop_overgrown_old_shop
Lair:2:   uniq_nergalle
Sewer:    sewer_co_purgy_island

Skill      XL: |  1  2  3  4  5  6  7  8  9 10 11 |
---------------+----------------------------------+-----
Fighting       | 1 2 3 4 5 6 |  6.8
Dodging        | 2 3 4 5 6 7 |  7.0
Unarmed Combat | 4 5 6 8 9 11 | 11.9
Transmutations | 2 |  2.1
Invocations    | 1 2 4 5 6 7 |  7.1
Armour         | 1 |  1.8
Spellcasting   | |  1.2

Action                   |  1- 3 |  4- 6 |  7- 9 | 10-12 || total
-------------------------+-------+-------+-------+-------++-------
Melee: Unarmed           |   107 |   177 |   208 |   311 ||   803
       Punch             |     1 |     3 |     5 |    15 ||    24
Throw: Stone             |     4 |    27 |    61 |    54 ||   146
Invok: Minor Destruction |       |       |    50 |   169 ||   219
       Lesser Servant of |       |       |       |     6 ||     6
Evoke: Wand              |       |       |       |     5 ||     5
  Use: Scroll            |       |     7 |     6 |     7 ||    20
       Potion            |       |       |     1 |    10 ||    11
 Stab: Sleeping          |     2 |     1 |       |     1 ||     4
  Eat: Chunk             |    15 |    20 |    32 |    53 ||   120
       Ration            |       |       |     1 |       ||     1
Armor: Robe              |    30 |    40 |    44 |    52 ||   166
       Troll leather arm |       |       |       |    16 ||    16
Dodge: Dodged            |    49 |    69 |    86 |   158 ||   362

Table legend:
 A = Spawn XP
 B = Non-spawn XP
 C = Spawn XP percentage of total XP
 D = Spawn monster count
 E = Non-spawn monster count
 F = Spawn count percentage of total count
 G = Total turns spent on level
                    A         B        C        D         E        F      G
               +---------+---------+-------+---------+---------+-------+---------
         Total |       0 |   16652 |   0.0 |       0 |     281 |   0.0 | 12383
               +---------+---------+-------+---------+---------+-------+---------
           D:1 |       0 |      44 |   0.0 |       0 |      21 |   0.0 |   759
           D:2 |       0 |     144 |   0.0 |       0 |      38 |   0.0 |  1007
           D:3 |       0 |     157 |   0.0 |       0 |      28 |   0.0 |  1043
           D:4 |       0 |     505 |   0.0 |       0 |      18 |   0.0 |   806
           D:5 |       0 |     701 |   0.0 |       0 |      19 |   0.0 |  1139
           D:6 |       0 |      95 |   0.0 |       0 |       5 |   0.0 |   867
           D:7 |       0 |    1419 |   0.0 |       0 |      30 |   0.0 |  1004
           D:8 |       0 |    3311 |   0.0 |       0 |      28 |   0.0 |  1413
           D:9 |       0 |    2228 |   0.0 |       0 |      24 |   0.0 |   898
          D:10 |       0 |    1883 |   0.0 |       0 |      18 |   0.0 |  1103
          D:11 |       0 |    1910 |   0.0 |       0 |      27 |   0.0 |  1053
          D:12 |       0 |    2134 |   0.0 |       0 |      11 |   0.0 |   413
        Lair:1 |       0 |    1225 |   0.0 |       0 |       6 |   0.0 |   570
        Lair:2 |       0 |     893 |   0.0 |       0 |       5 |   0.0 |   230
         Sewer |       0 |       3 |   0.0 |       0 |       3 |   0.0 |    69
               +---------+---------+-------+---------+---------+-------+---------
